 Dungeon Crawl Stone Soup version 0.14-a0-2730-g72a2965 (webtiles) character file.

201 Badjas the Ducker (level 4, -2/34 HPs)
             Began as a Demonspawn Gladiator on Feb 20, 2014.
             Slain by an orc wizard
             ... wielding a cursed -1,+0 orcish dagger
              (3 damage)
             ... on Level 3 of the Dungeon.
             The game lasted 00:18:34 (2861 turns).

Badjas the Ducker (Demonspawn Gladiator)            Turns: 2861, Time: 00:18:34

HP  -2/34        AC 10     Str 21      XL: 4   Next: 47%
MP   4/4         EV  7     Int 10      God:
Gold 101         SH  0     Dex 15      Spells:  0 memorised,  3 levels left

rFire  . . .     SeeInvis .     a - +0 hand axe
rCold  . . .     Clarity  .     t - +1 orc chain mail
rNeg   . . .     Conserve .     (no shield)
rPois  .         rCorr    .     c - +0 helmet
rElec  .         rRot     .     (no cloak)
SustAb . .       Spirit   .     (no gloves)
rMut   .         Warding  .     (no boots)
Saprov . . .     Stasis   .     (no amulet)
MR     .....                    (no ring)
                                (no ring)

@: mighty, not resistant to hostile enchantments, extremely unstealthy
A: claws 1, thin skeletal structure 1
a: no special abilities


You were on level 3 of the Dungeon.
You were hungry.

You visited 1 branch of the dungeon, and saw 4 of its levels.

You collected 101 gold pieces.

Inventory:

Hand weapons
 a - a +0,+0 hand axe (weapon)
Missiles
 e - a throwing net [torn] (quivered)
 g - 14 darts
 s - 9 silver darts
Armour
 b - a +0 leather armour
 c - a +0 helmet (worn)
 l - a +0 scale mail
 m - a +0 large shield
 t - a +1 orcish chain mail (worn)
Magical devices
 p - a wand of enslavement (12)
Comestibles
 f - 4 bread rations
 q - a meat ration
Scrolls
 h - 5 scrolls of teleportation {unknown}
 j - 3 scrolls of identify {unknown}
 r - 2 scrolls of noise {unknown}
Potions
 n - a potion of might


   Skills:
 + Level 2.3 Fighting
 + Level 3.1 Axes
 + Level 1.9 Throwing
 + Level 1.7 Armour
 + Level 3.5 Dodging
 + Level 0.8 Stealth


You had 3 spell levels left.
You didn't know any spells.

Dungeon Overview and Level Annotations

Branches:
Dungeon (4/16)
 Temple: D:4-7

Altars:


Innate Abilities, Weirdness & Mutations

You have a somewhat thin skeletal structure (Dex +2, Stlth).
You have sharp fingernails.


Message History

The orc wizard hits you but does no damage.
Your chain mail prevents you from hitting the orc wizard.
The orc wizard is almost dead.
The orc wizard hits you but does no damage.
The orc wizard gestures at you while chanting.
The magic dart hits you!
* * * LOW HITPOINT WARNING * * *
The orc wizard completely misses you.
As you read the scroll labeled ARUUPH RYNUYPP, it crumbles to dust.
Use on which item? (\ to view known items) (? for menu, Esc to quit)
Your +0 orcish chain mail glows green for a moment.
It was a scroll of enchant armour.
The orc wizard barely misses you.
The orc wizard hits you but does no damage.
The orc wizard barely misses you.
As you read the scroll labeled HEERI STIZOSOCK, it crumbles to dust.
The creatures around you are filled with an inner flame!
It was a scroll of immolation.
The orc wizard hits you but does no damage.
The orc wizard hits you with an orcish dagger.
You die...

##.. .#. . ... . ..# ##... ..
###.# # ..# ... #...## ...
..###...####....########....
.............................
#...#########..............
#...#####...#...###...##.####
.....%......)..o@ooJ.(........
(########...)######..)...####
.# #...<# ####....# ## #...##
#.$..#### # #...# #...o..# #
##### #....o..# # #........# #
#oo......# # ....o##...#


You could see an ooze (inner flame), 2 orc wizards and an orc (inner flame).

Vanquished Creatures
  A gnoll (D:1)
  2 adders
  A giant mite (D:1)
  A worm (D:3)
  3 giant geckos (D:1)
  5 orcs
  A ball python (D:1)
  9 bats
  3 giant cockroaches (D:1)
  7 hobgoblins
  5 kobolds
  2 giant newts (D:1)
  8 goblins
  6 jackals
  A rat (D:1)
55 creatures vanquished.

Notes
Turn   | Place    | Note
--------------------------------------------------------------
     0 | D:1      | Badjas, the Demonspawn Gladiator, began the quest for the Orb.
     0 | D:1      | Reached XP level 1. HP: 16/16 MP: 1/1
   482 | D:1      | Gained mutation: You have a somewhat thin skeletal structure (Dex +2, Stlth). [demonic ancestry]
   482 | D:1      | Reached XP level 2. HP: 20/22 MP: 2/2
   499 | D:1      | Reached skill level 3 in Dodging
   928 | D:1      | Reached XP level 3. HP: 15/27 MP: 3/3
  1030 | D:1      | Reached skill level 1 in Armour
  2431 | D:4      | Reached XP level 4. HP: 29/33 MP: 4/4
  2855 | D:3      | Gained mutation: You have sharp fingernails. [potion of beneficial mutation]
  2859 | D:3      | HP: 1/34 [orc wizard/magic dart (6)]
  2861 | D:3      | Slain by an orc wizard

Action                   |  1- 3 |  4- 6 || total
-------------------------+-------+-------++-------
Melee: Hand axe          |   153 |   109 ||   262
Throw: Throwing net      |     1 |     2 ||     3
Evoke: Wand              |     3 |     2 ||     5
  Use: Scroll            |       |     2 ||     2
       Potion            |       |     2 ||     2
 Stab: Sleeping          |     2 |       ||     2
